 Dungeon Crawl Stone Soup version 0.30-a0-223-gcb0039aa0c (webtiles) character file.

Game seed: 18028329936454726662

101738 qw the Severer (level 16, -19/104 HPs)
             Began as a Gargoyle Fighter on Oct 9, 2022.
             Was a High Priest of Okawaru.
             Demolished by an orc warrior
             ... wielding a +4 glaive
              (29 damage)
             ... on level 2 of the Orcish Mines.
             The game lasted 00:11:08 (20082 turns).

qw the Severer (Gargoyle Fighter)                  Turns: 20082, Time: 00:11:09

Health: -19/104    AC: 34    Str: 29    XL:     16   Next: 31%
Magic:  32/32      EV: 13    Int:  8    God:    Okawaru [*****.]
Gold:   2393       SH: 16    Dex: 19    Spells: 15/15 levels left

rFire   + + .      SeeInvis +    g - +4 war axe of Qitwoeg {venom, rN+ rCorr Str+4}
rCold   x . .      Faith    .    E - +2 kite shield
rNeg    + + .      Spirit   .    x - +5 fire dragon scales "Qeogebuherph" {rF++ rC- MP+9 Int-2 SInv}
rPois   inf        Reflect  .    y - +0 helmet
rElec   +          Harm     .    z - +1 cloak
rCorr   +          Rampage  .    k - +2 pair of gloves
Will    ++...                    (no boots)
Stlth   ..........               D - amulet of regeneration
HPRegen 1.17/turn                m - +6 ring of dexterity
MPRegen 0.23/turn                r - ring of willpower

@: about to teleport, corroded, flying
A: sickness immunity, AC +12, big wings, negative energy resistance 1,
electricity resistance, torment resistance 1, petrification resistance,
iridescent scales 1, agile 1
a: Renounce Religion, Heroism, Finesse, Duel


You were on level 2 of the Orcish Mines.
You worshipped Okawaru.
Okawaru was extremely pleased with you.
You visited 3 branches of the dungeon, and saw 22 of its levels.
You also visited: Sewer.

You collected 2543 gold pieces.
You spent 150 gold pieces at shops.


Innate Abilities, Weirdness & Mutations

You are immune to sickness and miasma.
Your stone body is resilient. (AC +12)
You are immune to poison.
Your large and strong wings let you fly.
You resist negative energy. (rN+)
You are resistant to electric shocks. (rElec)
You are resistant to unholy torment.
You are immune to petrification.
You are partially covered in iridescent scales. (AC +2)
You are agile. (Dex +4, Str/Int -1)


   Skills:
 + Level 13.1 Fighting
 - Level 16.0 Axes
 - Level 6.3 Throwing
 - Level 10.1 Armour
 - Level 7.0 Dodging
 - Level 13.5 Shields
 - Level 10.0 Invocations


You had 15 spell levels left.
You didn't know any spells.
Your spell library was empty.

Inventory:

Hand Weapons
 f - a +3 morningstar
 g - the +4 war axe of Qitwoeg (weapon) {venom, rN+ rCorr Str+4}
   (You found it on level 11 of the Dungeon)

   It poisons the flesh of those it strikes.
   Str:       It affects your strength (+4).
   rN:        It protects you from negative energy.
   rCorr:     It protects you from acid and corrosion.
 F - a +0 broad axe
Missiles
 t - 17 boomerangs (quivered)
Armour
 a - the +4 scale mail of Virtue {Drain rC+ Slay+6}
   (You found it on level 15 of the Dungeon)

   Slay:      It affects your accuracy & damage with ranged weapons and melee
   (+6).
   rC:        It protects you from cold.
   Drain:     It drains your maximum health when unequipped.
 k - a +2 pair of gloves (worn)
 s - the +0 scale mail of Hena {rF+ rCorr}
   (You found it on level 5 of the Dungeon)

   rF:        It protects you from fire.
   rCorr:     It protects you from acid and corrosion.
 x - the +5 fire dragon scales "Qeogebuherph" (worn) {rF++ rC- MP+9 Int-2 SInv}
   (You found it on level 3 of the Lair of Beasts)

   Int:       It affects your intelligence (-2).
   rF:        It greatly protects you from fire.
   rC:        It makes you vulnerable to cold.
   MP:        It affects your magic capacity (+9).
   SInv:      It lets you see invisible.
 y - a +0 helmet (worn)
 z - a +1 cloak (worn)
 E - a +2 kite shield (worn)
Jewellery
 m - a +6 ring of dexterity (left hand)
 p - a ring of see invisible
 r - a ring of willpower (right hand)
 C - a ring of positive energy
 D - an amulet of regeneration (around neck)
Scrolls
 j - 11 scrolls of identify
 u - 6 scrolls of teleportation
Potions
 b - 6 potions of lignification
 c - 2 potions of attraction
 d - 2 potions of might
 i - 10 potions of curing
 l - a potion of cancellation
 n - a potion of magic
 o - 5 potions of mutation
 q - 4 potions of heal wounds
 v - 2 potions of resistance
 w - 4 potions of haste

Dungeon Overview and Level Annotations

Branches:
Dungeon (15/15)            Temple (0/1) D:7            Lair (5/5) D:8
 Shoals (0/4) Lair:2        Snake (0/4) Lair:3        Slime (0/5) Lair:4
    Orc (1/2) D:11         Vaults (0/5) D:14         Depths (0/4) D:15
  Sewer (visited)

Altars:
Gozag
Okawaru
Qazlal
Vehumet
Wu Jian
Yredelemnul
The Shining One
Jiyva

Shops:
D:3 =   D:10 (   Orc:1 :

Annotations:
D:12 1 runed translucent door, Xeikkuus's ghost, journeyman MiFi


Message History

The orc knight closely misses you.
You barely miss the orc sorcerer.
The orc sorcerer is almost dead.
You completely miss the orc knight. You slash the sun demon!
The sun demon looks as sick as possible!
You block the sun demon's attack. You block the orc knight's attack.
The orc high priest hits you but does no damage.
The orc warrior hits you from afar with a +4 glaive!
The orc sorcerer hits you but does no damage.
The orc knight barely misses you.
You slash the orc sorcerer!
You kill the orc sorcerer!
Okawaru accepts your kill.
The sun demon disappears in a puff of smoke!
You barely miss the orc knight.
The orc priest calls upon Beogh to heal something.
You block the orc knight's attack. You block the orc warrior's attack.
The orc high priest utters an invocation to Beogh.
You hit the orc knight but do no damage.
The orc knight looks as sick as possible!
The orc knight is severely wounded.
You hit the orc knight but do no damage.
The orc knight looks as sick as possible!
The orc knight is severely wounded.
You barely miss the ynoxinul.
You feel like a meek peon again.
The orc knight hits you with a +0 dire flail.
You block the orc high priest's attack.
The orc warrior hits you from afar with a +4 glaive!!
The orc knight barely misses you.
The ynoxinul gestures.
20082 ||| READING 7 scrolls of teleportation.
As you read the scroll of teleportation, it crumbles to dust.
You feel strangely unstable.
The orc knight no longer looks unusually strong.
The orc high priest mumbles some strange prayers to Beogh.
The orc knight hits you but does no damage.
An orc sorcerer comes into view.
It is wielding a +0 dagger and wearing a +0 robe of fire resistance.
The orc warrior hits you from afar with a +4 glaive!!
You die...

#.#............. ....
#.#............. ....
###............. ....o
#............. %.%%.
##...).)....... #..3%o
#....#))....... #..4o#
##)..##.).......
#3.ooo##....#..........
#5o3@....##..........
##..5...##...........
###...##............
.#####.............
...................
.................).
...................
...................
...................


You could see 2 orc knights, a soul eater (summoned), 2 orc high priests, an
orange demon (summoned), a sixfirhy (summoned), a ynoxinul (summoned), an orc
sorcerer, 2 orc warriors and 2 ufetubi.

Vanquished Creatures
  Jorgrun (Orc:2)
  Rupert (Orc:2)
  Kirke (D:15)
  An orc warlord (Orc:1)
  A stone giant (D:15)
  Josephine (D:15)
  An ice dragon (D:15)
  4 hydras
  Harold (D:11)
  3 vault guards (D:14)
  3 catoblepae (Lair:5)
  6 centaur warriors
  24 death yaks
  An ogre mage (D:15)
  6 boulder beetles
  8 two-headed ogres
  2 tengu warriors (D:15)
  An orc high priest (Orc:2)
  Sonja (D:12)
  Lodul (D:11)
  2 wizards (D:14)
  Pikel (D:8)
  3 orc knights
  4 oklob plants (Lair:3)
  A deep elf pyromancer (D:15)
  10 ugly things
  2 manticores
  5 orc sorcerers
  2 wolf spiders (Lair:5)
  3 cyclopes
  7 elephants (Lair:5)
  5 black mambas
  A guardian serpent (Lair:5)
  25 cane toads
  A rime drake (Lair:1)
  6 komodo dragons
  2 yaktaurs (D:14)
  A tengu conjurer (D:14)
  6 trolls
  3 hornets
  A queen bee (shapeshifter) (D:13)
  A polar bear (Lair:5)
  16 blink frogs
  A wind drake (Lair:2)
  7 dream sheep (Lair:3)
  2 centaur simulacra
  A shadow (D:11)
  6 wyverns (Lair:5)
  A water elemental (D:14)
  51 yaks
  6 wraiths
  A human (D:15)
  3 hogs (D:15)
  3 basilisks
  A redback (Lair:5)
  3 vampire mosquitoes (D:15)
  Menkaure (D:7)
  2 nagas (Lair:3)
  5 wargs
  41 water moccasins
  3 black bears
  2 sky beasts
  15 orc warriors
  4 ice beasts
  14 ogres
  22 wolves
  3 centaurs
  A phantom (D:6)
  8 kobold brigands
  4 lemures (D:8)
  14 bullfrogs
  4 scorpions
  2 gnoll sergeants (D:8)
  16 wights
  10 killer bees (D:8)
  A howler monkey (D:4)
  2 electric eels
  4 hounds
  3 jellies
  8 orc priests
  11 orc wizards
  4 hell rats (Lair:2)
  11 gnolls
  23 adders
  3 river rats (Sewer)
  13 white imps
  3 worms
  5 dart slugs
  49 orcs
  7 ball pythons
  4 bats
  6 endoplasms
  2 giant cockroaches
  7 goblins
  8 hobgoblins
  5 jackals
  31 kobolds
  4 quokkas
  2 frilled lizards (Sewer)
  9 rats
658 creatures vanquished.

Vanquished Creatures (others)
  A bush (Lair:5)
  47 fungi
  140 plants
188 creatures vanquished.

Grand Total: 846 creatures vanquished

Notes
Turn   | Place    | Note
-------+----------+-------------------------------------------
     0 | D:1      | qw the Gargoyle Fighter began the quest for the Orb.
     0 | D:1      | Reached XP level 1. HP: 14/14 MP: 1/1
     0 | D:1      | 0 ||| qw: Version: 0.2-a-17-g06abaee
     0 | D:1      | 0 ||| qw: Game counter: 2083
     0 | D:1      | 0 ||| qw: Always use a shield: true
     0 | D:1      | 0 ||| qw: God list: Okawaru
     0 | D:1      | 0 ||| qw: Allow faded altars: false
     0 | D:1      | 0 ||| qw: Do Orc after D:15 true
     0 | D:1      | 0 ||| qw: Do second Lair branch before Depths: true
     0 | D:1      | 0 ||| qw: Lair rune preference: random
     0 | D:1      | 0 ||| qw: Plans: Normal, Zot:1-4, God:TSO, Crypt, Tomb,
                  | Pan, Slime:5, Hells, Abyss, Orb
     0 | D:1      | 0 ||| PLANNING D:1-11
    78 | D:1      | Reached skill level 2 in Axes
   178 | D:1      | 178 ||| Stepping ~*~*~tactically~*~*~ (stealth).
   188 | D:1      | Reached XP level 2. HP: 17/19 MP: 2/2
   223 | D:1      | 223 ||| Stepping ~*~*~tactically~*~*~ (stealth).
   642 | D:1      | Reached skill level 3 in Axes
   682 | D:1      | Reached XP level 3. HP: 23/23 MP: 3/3
   765 | D:1      | 765 ||| UPGRADING to +0 chain mail.
   775 | D:1      | 775 ||| DROPPING +0 scale mail.
   776 | D:1      | 776 ||| UPGRADING to +6 ring of dexterity.
   777 | D:1      | 777 ||| READING scroll labelled NOFOTAN CIGAMP.
   782 | D:1      | 782 ||| READING 2 scrolls labelled DYDEDU VOZI.
   783 | D:1      | 783 ||| READING scroll labelled WOGYGH IKHLIYKH.
   834 | D:2      | Found a stormy altar of Qazlal.
   941 | D:2      | Reached skill level 1 in Throwing
   941 | D:2      | Reached XP level 4. HP: 22/28 MP: 4/4
  1457 | D:2      | 1457 ||| UPGRADING to amulet of guardian spirit.
  1462 | D:2      | 1462 ||| READING scroll labelled JETTOTH LAONE.
  1463 | D:2      | 1463 ||| READING scroll labelled YRAIHEIWUDU.
  1511 | D:3      | Identified the +0 war axe of Lapy {pain, Dex+3 SInv}
  1513 | D:3      | 1513 ||| SWAPPING to +0 war axe of Lapy {pain, Dex+3 SInv}.
  1514 | D:3      | 1514 ||| DROPPING +0 war axe.
  1583 | D:3      | 1583 ||| Stepping ~*~*~tactically~*~*~ (stealth).
  1586 | D:3      | 1586 ||| Stepping ~*~*~tactically~*~*~ (stealth).
  1592 | D:3      | Reached XP level 5. HP: 32/32 MP: 5/5
  1606 | D:3      | 1606 ||| Stepping ~*~*~tactically~*~*~ (stealth).
  1838 | D:3      | 1838 ||| Stepping ~*~*~tactically~*~*~ (stealth).
  1845 | D:3      | Reached skill level 1 in Dodging
  1847 | D:3      | 1847 ||| Stepping ~*~*~tactically~*~*~ (stealth).
  1851 | D:3      | Reached skill level 4 in Axes
  2019 | D:3      | 2019 ||| DROPPING +0 mace.
  2092 | D:3      | Found Rixoiwk's Jewellery Emporium.
  2106 | D:3      | 2106 ||| SHOPLISTING ring of Gun Teaf {Ice rN+} (362 gold,
                  | have 237).
  2106 | D:3      | 2106 ||| SHOPLISTING ring of ice (250 gold, have 237).
  2106 | D:3      | 2106 ||| SHOPLISTING ring of protection from cold (250
                  | gold, have 237).
  2106 | D:3      | 2106 ||| BUYING ring of see invisible (150 gold).
  2106 | D:3      | Bought a ring of see invisible for 150 gold pieces
  2106 | D:3      | 2106 ||| SHOPLISTING ring of see invisible (150 gold, have
                  | 87).
  2202 | D:3      | 2202 ||| DROPPING ring of wizardry.
  2203 | D:3      | 2203 ||| READING scroll labelled EPYOMUTURI.
  2204 | D:3      | 2204 ||| DRINKING 2 grey potions.
  2204 | D:3      | Gained mutation: You occasionally lose the ability to drink
                  | potions when taking damage. [potion of mutation]
  2204 | D:3      | Gained mutation: You are partially covered in iridescent
                  | scales. (AC +2) [potion of mutation]
  2205 | D:3      | 2205 ||| DRINKING potion of mutation.
  2205 | D:3      | Lost mutation: You occasionally lose the ability to drink
                  | potions when taking damage. [potion of mutation]
  2205 | D:3      | Lost mutation: You are partially covered in iridescent
                  | scales. (AC +2) [potion of mutation]
  2205 | D:3      | Gained mutation: You are partially covered in iridescent
                  | scales. (AC +2) [potion of mutation]
  2205 | D:3      | Gained mutation: You are agile. (Dex +4, Str/Int -1)
                  | [potion of mutation]
  2206 | D:3      | 2206 ||| DRINKING 2 amethyst potions.
  2224 | D:4      | Noticed a black bear
  2226 | D:4      | 2226 ||| STAIRDANCE
  2238 | D:3      | HP: 5/32 [black bear (7)]
  2240 | D:3      | Killed a black bear
  2241 | D:3      | Reached skill level 5 in Axes
  2241 | D:3      | Reached XP level 6. HP: 6/37 MP: 0/6
  2409 | D:4      | 2409 ||| Stepping ~*~*~tactically~*~*~ (hiding).
  2541 | D:4      | Found an opulent altar of Gozag.
  2703 | D:4      | Found a basalt altar of Yredelemnul.
  2731 | D:4      | 2731 ||| Stepping ~*~*~tactically~*~*~ (stealth).
  2748 | D:4      | Identified the +5 hand axe "Suemas" {drain, +Blink rC+
                  | Stlth+}
  2749 | D:4      | 2749 ||| Stepping ~*~*~tactically~*~*~ (stealth).
  2752 | D:4      | 2752 ||| Stepping ~*~*~tactically~*~*~ (stealth).
  2760 | D:4      | 2760 ||| Stepping ~*~*~tactically~*~*~ (stealth).
  2770 | D:4      | Reached XP level 7. HP: 42/44 MP: 7/7
  2777 | D:4      | 2777 ||| DROPPING +0 whip of electrocution.
  2923 | D:4      | 2923 ||| UPGRADING to +0 pair of gloves.
  2928 | D:4      | 2928 ||| READING 2 scrolls of identify.
  2928 | D:4      | 2928 ||| IDENTIFYING cyan potion
  2937 | D:5      | Entered Level 5 of the Dungeon
  2938 | D:5      | 2938 ||| PLANNING SEWER
  2990 | D:5      | 2990 ||| Stepping ~*~*~tactically~*~*~ (stealth).
  2990 | D:5      | Identified the +0 scale mail of Hena {rF+ rCorr}
  3024 | D:5      | Reached skill level 6 in Axes
  3150 | D:5      | Found a glowing drain.
  3157 | D:5      | 3157 ||| UPGRADING to +0 cloak.
  3162 | D:5      | 3162 ||| UPGRADING to ring of willpower.
  3163 | D:5      | 3163 ||| READING scroll labelled RASSONOQI QUBI.
  3164 | D:5      | 3164 ||| DRINKING 3 smoky orange potions.
  3169 | Sewer    | Entered a sewer
  3172 | Sewer    | 3172 ||| Stepping ~*~*~tactically~*~*~ (stealth).
  3180 | Sewer    | 3180 ||| Stepping ~*~*~tactically~*~*~ (stealth).
  3181 | Sewer    | 3181 ||| Stepping ~*~*~tactically~*~*~ (stealth).
  3187 | Sewer    | 3187 ||| Stepping ~*~*~tactically~*~*~ (stealth).
  3197 | Sewer    | 3197 ||| READING scroll of enchant armour.
  3197 | Sewer    | 3197 ||| ENCHANTING +0 pair of gloves.
  3258 | Sewer    | 3258 ||| Stepping ~*~*~tactically~*~*~ (stealth).
  3259 | Sewer    | 3259 ||| Stepping ~*~*~tactically~*~*~ (stealth).
  3284 | Sewer    | 3284 ||| Stepping ~*~*~tactically~*~*~ (stealth).
  3313 | Sewer    | 3313 ||| Stepping ~*~*~tactically~*~*~ (stealth).
  3351 | Sewer    | 3351 ||| Stepping ~*~*~tactically~*~*~ (water).
  3397 | Sewer    | Reached skill level 7 in Axes
  3397 | Sewer    | Reached XP level 8. HP: 45/48 MP: 6/8
  3873 | D:5      | 3873 ||| PLANNING D:1-11
  4152 | D:5      | 4152 ||| DROPPING +0 flail.
  4217 | D:5      | 4217 ||| READING scroll labelled IXUROJ KIVILO.
  4218 | D:5      | 4218 ||| READING 2 scrolls of identify.
  4218 | D:5      | 4218 ||| IDENTIFYING blue potion
  4219 | D:5      | 4219 ||| DROPPING potion of invisibility.
  4312 | D:6      | 4312 ||| Stepping ~*~*~tactically~*~*~ (stealth).
  4328 | D:6      | Reached skill level 8 in Axes
  4339 | D:6      | Reached skill level 6 in Fighting
  4584 | D:6      | Reached XP level 9. HP: 50/55 MP: 9/9
  4720 | D:6      | Reached skill level 9 in Axes
  4736 | D:6      | 4736 ||| Stepping ~*~*~tactically~*~*~ (stealth).
  4741 | D:6      | 4741 ||| Stepping ~*~*~tactically~*~*~ (stealth).
  4889 | D:6      | 4889 ||| UPGRADING to +1 cloak.
  4899 | D:6      | 4899 ||| DROPPING +0 cloak.
  4900 | D:6      | 4900 ||| READING scroll labelled TAIR QEL CEMM.
  4901 | D:6      | 4901 ||| READING 2 scrolls of identify.
  4901 | D:6      | 4901 ||| IDENTIFYING emerald potion
  4902 | D:6      | 4902 ||| DROPPING potion of brilliance.
  4975 | D:7      | Found a glowing golden altar of the Shining One.
  4991 | D:7      | Noticed Menkaure
  4992 | D:7      | 4992 ||| Stepping ~*~*~tactically~*~*~ (hiding).
  5006 | D:7      | Killed Menkaure
  5196 | D:7      | 5196 ||| Stepping ~*~*~tactically~*~*~ (stealth).
  5228 | D:7      | Reached skill level 3 in Dodging
  5232 | D:7      | 5232 ||| DROPPING +5 hand axe "Suemas" {drain, +Blink rC+
                  | Stlth+}.
  5320 | D:7      | Found an iron altar of Okawaru.
  5321 | D:7      | 5321 ||| PLANNING OKAWARU WORSHIP
  5321 | D:7      | 5321 ||| UPGRADING to +0 plate armour.
  5331 | D:7      | 5331 ||| DROPPING +0 chain mail.
  5332 | D:7      | 5332 ||| READING 2 scrolls of identify.
  5332 | D:7      | 5332 ||| IDENTIFYING viscous coppery potion
  5333 | D:7      | 5333 ||| DROPPING potion of magic.
  5336 | D:7      | Became a worshipper of Warmaster Okawaru
  5337 | D:7      | 5337 ||| PLANNING D:1-11
  5337 | D:7      | 5337 ||| REMOVING amulet of guardian spirit.
  5398 | D:7      | Found a staircase to the Ecumenical Temple.
  5458 | D:7      | 5458 ||| DROPPING amulet of guardian spirit.
  5466 | D:8      | 5466 ||| Stepping ~*~*~tactically~*~*~ (hiding).
  5561 | D:8      | Found a staircase to the Lair.
  5597 | D:8      | Reached skill level 6 in Armour
  5693 | D:8      | Noticed Pikel
  5694 | D:8      | 5694 ||| Stepping ~*~*~tactically~*~*~ (stealth).
  5715 | D:8      | Killed Pikel
  5715 | D:8      | Reached * piety under Okawaru
  5716 | D:8      | Reached XP level 10. HP: 31/63 MP: 10/10
  6024 | D:8      | 6024 ||| INVOKING Heroism.
  6028 | D:8      | Reached skill level 10 in Axes
  6028 | D:8      | Reached skill level 1 in Invocations
  6143 | D:8      | 6143 ||| PLANNING LAIR
  6143 | D:8      | 6143 ||| UPGRADING to +0 kite shield.
  6153 | D:8      | 6153 ||| DROPPING +0 buckler.
  6182 | Lair:1   | Entered Level 1 of the Lair of Beasts
  6287 | Lair:1   | 6287 ||| INVOKING Heroism.
  6291 | Lair:1   | 6291 ||| Stepping ~*~*~tactically~*~*~ (water).
  6297 | Lair:1   | Reached skill level 3 in Invocations
  6305 | Lair:1   | Reached ** piety under Okawaru
  6360 | Lair:1   | 6360 ||| INVOKING Heroism.
  6402 | Lair:1   | Reached skill level 6 in Shields
  6430 | Lair:1   | 6430 ||| INVOKING Heroism.
  6458 | Lair:1   | 6458 ||| INVOKING Heroism.
  6474 | Lair:1   | 6474 ||| INVOKING Heroism.
  6492 | Lair:1   | 6492 ||| INVOKING Heroism.
  6532 | Lair:1   | Identified the +0 leather armour "Viwutoyn" {Str-5 Dex+6}
  6536 | Lair:1   | 6536 ||| Stepping ~*~*~tactically~*~*~ (stealth).
  6581 | Lair:1   | Noticed a cane toad
  6582 | Lair:1   | 6582 ||| INVOKING Heroism.
  6584 | Lair:1   | 6584 ||| Stepping ~*~*~tactically~*~*~ (water).
  6590 | Lair:1   | Killed a cane toad
  6703 | Lair:1   | Reached *** piety under Okawaru
  6725 | Lair:1   | Noticed a cane toad
  6726 | Lair:1   | 6726 ||| INVOKING Heroism.
  6733 | Lair:1   | Killed a cane toad
  6734 | Lair:1   | Reached skill level 9 in Shields
  6734 | Lair:1   | Reached XP level 11. HP: 67/67 MP: 12/14
  6830 | Lair:1   | 6830 ||| INVOKING Heroism.
  6945 | Lair:1   | 6945 ||| INVOKING Heroism.
  7234 | Lair:1   | 7234 ||| READING scroll labelled TOOPLE XUCY.
  7235 | Lair:1   | 7235 ||| DRINKING 2 golden potions.
  7236 | Lair:1   | 7236 ||| READING 4 scrolls of identify.
  7236 | Lair:1   | 7236 ||| IDENTIFYING bubbling blue potion
  7237 | Lair:1   | 7237 ||| READING 3 scrolls of identify.
  7237 | Lair:1   | 7237 ||| IDENTIFYING fizzy red potion
  7238 | Lair:1   | 7238 ||| READING 2 scrolls of identify.
  7238 | Lair:1   | 7238 ||| IDENTIFYING white potion
  7239 | Lair:1   | 7239 ||| DROPPING potion of flight.
  7240 | Lair:1   | 7240 ||| DROPPING potion of degeneration.
  7265 | Lair:2   | 7265 ||| INVOKING Heroism.
  7269 | Lair:2   | 7269 ||| STAIRDANCE
  7281 | Lair:2   | 7281 ||| STAIRDANCE
  7285 | Lair:1   | 7285 ||| INVOKING Heroism.
  7317 | Lair:2   | 7317 ||| STAIRDANCE
  7319 | Lair:1   | 7319 ||| INVOKING Heroism.
  7357 | Lair:2   | 7357 ||| INVOKING Heroism.
  7436 | Lair:2   | Reached **** piety under Okawaru
  7521 | Lair:2   | 7521 ||| INVOKING Heroism.
  7553 | Lair:2   | 7553 ||| INVOKING Heroism.
  7560 | Lair:2   | Reached skill level 11 in Axes
  7588 | Lair:2   | 7588 ||| INVOKING Heroism.
  7761 | Lair:2   | 7761 ||| Stepping ~*~*~tactically~*~*~ (stealth).
  7868 | Lair:2   | 7868 ||| Stepping ~*~*~tactically~*~*~ (stealth).
  7884 | Lair:2   | 7884 ||| Stepping ~*~*~tactically~*~*~ (stealth).
  7886 | Lair:2   | Found a staircase to the Shoals.
  7886 | Lair:2   | Noticed a manticore
  7887 | Lair:2   | 7887 ||| Stepping ~*~*~tactically~*~*~ (hiding).
  7888 | Lair:2   | 7888 ||| INVOKING Heroism.
  7889 | Lair:2   | 7889 ||| Stepping ~*~*~tactically~*~*~ (hiding).
  7902 | Lair:2   | Killed a manticore
  7907 | Lair:2   | 7907 ||| Stepping ~*~*~tactically~*~*~ (hiding).
  7909 | Lair:2   | 7909 ||| Stepping ~*~*~tactically~*~*~ (hiding).
  7914 | Lair:2   | 7914 ||| Stepping ~*~*~tactically~*~*~ (stealth).
  7922 | Lair:2   | 7922 ||| INVOKING Heroism.
  7943 | Lair:2   | Reached skill level 6 in Invocations
  8043 | Lair:2   | 8043 ||| Stepping ~*~*~tactically~*~*~ (stealth).
  8051 | Lair:2   | 8051 ||| INVOKING Heroism.
  8067 | Lair:2   | Reached ***** piety under Okawaru
  8147 | Lair:2   | 8147 ||| Stepping ~*~*~tactically~*~*~ (stealth).
  8189 | Lair:2   | 8189 ||| INVOKING Heroism.
  8541 | Lair:2   | 8541 ||| READING scroll of enchant armour.
  8541 | Lair:2   | 8541 ||| ENCHANTING +1 pair of gloves.
  8665 | Lair:2   | 8665 ||| UPGRADING to +1 hat.
  8670 | Lair:2   | 8670 ||| READING scroll labelled SASYIK LETHROKAAST.
  8692 | Lair:3   | Noticed a four-headed hydra
  8693 | Lair:3   | 8693 ||| INVOKING Heroism.
  8694 | Lair:3   | 8694 ||| INVOKING Finesse.
  8695 | Lair:3   | 8695 ||| INVOKING Finesse.
  8697 | Lair:3   | 8697 ||| SWAPPING to +3 flail.
  8707 | Lair:3   | Killed a four-headed hydra
  8707 | Lair:3   | Received a gift from Okawaru
  8708 | Lair:3   | Reached XP level 12. HP: 75/75 MP: 10/17
  8708 | Lair:3   | 8708 ||| SWAPPING to +0 war axe of Lapy {pain, Dex+3 SInv}.
  8713 | Lair:3   | Reached skill level 9 in Fighting
  8792 | Lair:3   | Found a staircase to the Snake Pit.
  8793 | Lair:3   | 8793 ||| Stepping ~*~*~tactically~*~*~ (hiding).
  8804 | Lair:3   | 8804 ||| INVOKING Heroism.
  8938 | Lair:3   | 8938 ||| INVOKING Heroism.
  8943 | Lair:3   | 8943 ||| Stepping ~*~*~tactically~*~*~ (stealth).
  8944 | Lair:3   | 8944 ||| Stepping ~*~*~tactically~*~*~ (stealth).
  8967 | Lair:3   | 8967 ||| Stepping ~*~*~tactically~*~*~ (stealth).
  8970 | Lair:3   | 8970 ||| INVOKING Heroism.
  8977 | Lair:3   | 8977 ||| Stepping ~*~*~tactically~*~*~ (stealth).
  8981 | Lair:3   | 8981 ||| Stepping ~*~*~tactically~*~*~ (stealth).
  9022 | Lair:3   | 9022 ||| INVOKING Heroism.
  9078 | Lair:3   | 9078 ||| INVOKING Heroism.
  9088 | Lair:3   | Received a gift from Okawaru
  9139 | Lair:3   | Received a gift from Okawaru
  9194 | Lair:3   | 9194 ||| INVOKING Heroism.
  9195 | Lair:3   | 9195 ||| INVOKING Finesse.
  9217 | Lair:3   | Reached skill level 9 in Invocations
  9356 | Lair:3   | 9356 ||| INVOKING Heroism.
  9357 | Lair:3   | 9357 ||| INVOKING Finesse.
  9417 | Lair:3   | 9417 ||| INVOKING Heroism.
  9418 | Lair:3   | 9418 ||| INVOKING Finesse.
  9425 | Lair:3   | 9425 ||| READING 7 scrolls of teleportation.
  9595 | Lair:3   | Noticed a four-headed hydra
  9596 | Lair:3   | 9596 ||| INVOKING Heroism.
  9597 | Lair:3   | 9597 ||| INVOKING Finesse.
  9601 | Lair:3   | 9601 ||| SWAPPING to +3 flail.
  9615 | Lair:3   | Killed a four-headed hydra
  9616 | Lair:3   | 9616 ||| SWAPPING to +0 war axe of Lapy {pain, Dex+3 SInv}.
  9752 | Lair:3   | Noticed a death yak
  9753 | Lair:3   | 9753 ||| INVOKING Heroism.
  9754 | Lair:3   | 9754 ||| INVOKING Finesse.
  9755 | Lair:3   | Noticed a death yak
  9756 | Lair:3   | Noticed a death yak
  9757 | Lair:3   | Noticed a death yak
  9772 | Lair:3   | Killed a death yak
  9780 | Lair:3   | Killed a death yak
  9798 | Lair:3   | Killed a death yak
  9798 | Lair:3   | Received a gift from Okawaru
  9801 | Lair:3   | Killed a death yak
  9802 | Lair:3   | Reached skill level 12 in Axes
  9903 | Lair:3   | 9903 ||| INVOKING Heroism.
 10216 | Lair:3   | 10216 ||| INVOKING Heroism.
 10217 | Lair:3   | 10217 ||| INVOKING Finesse.
 10239 | Lair:3   | Reached skill level 3 in Throwing
 10239 | Lair:3   | Reached XP level 13. HP: 72/80 MP: 14/20
 10290 | Lair:3   | 10290 ||| INVOKING Heroism.
 10291 | Lair:3   | 10291 ||| INVOKING Finesse.
 10292 | Lair:3   | 10292 ||| FLEEEEING.
 10375 | Lair:3   | 10375 ||| INVOKING Heroism.
 10376 | Lair:3   | 10376 ||| INVOKING Finesse.
 10462 | Lair:3   | Identified the +5 fire dragon scales "Qeogebuherph" {rF++
                  | rC- MP+9 Int-2 SInv}
 10634 | Lair:3   | 10634 ||| UPGRADING to +5 fire dragon scales "Qeogebuherph"
                  | {rF++ rC- MP+9 Int-2 SInv}.
 10644 | Lair:3   | 10644 ||| SWAPPING to +3 war axe.
 10687 | Lair:3   | 10687 ||| DROPPING +6 ring of intelligence.
 10688 | Lair:3   | 10688 ||| READING scroll labelled UFRIDO VETONE.
 10857 | Lair:4   | 10857 ||| INVOKING Heroism.
 10975 | Lair:4   | 10975 ||| INVOKING Heroism.
 10994 | Lair:4   | Found a staircase to the Slime Pits.
 10994 | Lair:4   | Found a viscous altar of Jiyva.
 11286 | Lair:4   | 11286 ||| INVOKING Heroism.
 11287 | Lair:4   | Received a gift from Okawaru
 11891 | Lair:4   | 11891 ||| READING 4 scrolls of identify.
 11891 | Lair:4   | 11891 ||| IDENTIFYING lumpy inky potion
 11929 | Lair:5   | Entered Level 5 of the Lair of Beasts
 11958 | Lair:5   | 11958 ||| INVOKING Heroism.
 11971 | Lair:5   | Received a gift from Okawaru
 11972 | Lair:5   | 11972 ||| INVOKING Finesse.
 12124 | Lair:5   | 12124 ||| Stepping ~*~*~tactically~*~*~ (stealth).
 12126 | Lair:5   | 12126 ||| Stepping ~*~*~tactically~*~*~ (stealth).
 12127 | Lair:5   | 12127 ||| INVOKING Heroism.
 12136 | Lair:5   | 12136 ||| INVOKING Finesse.
 12185 | Lair:5   | 12185 ||| Stepping ~*~*~tactically~*~*~ (hiding).
 12191 | Lair:5   | 12191 ||| INVOKING Heroism.
 12192 | Lair:5   | 12192 ||| INVOKING Finesse.
 12251 | Lair:5   | 12251 ||| Stepping ~*~*~tactically~*~*~ (stealth).
 12256 | Lair:5   | 12256 ||| Stepping ~*~*~tactically~*~*~ (stealth).
 12261 | Lair:5   | 12261 ||| Stepping ~*~*~tactically~*~*~ (stealth).
 12273 | Lair:5   | 12273 ||| Stepping ~*~*~tactically~*~*~ (stealth).
 12282 | Lair:5   | 12282 ||| INVOKING Heroism.
 12284 | Lair:5   | 12284 ||| Stepping ~*~*~tactically~*~*~ (stealth).
 12342 | Lair:5   | 12342 ||| INVOKING Heroism.
 12404 | Lair:5   | 12404 ||| Stepping ~*~*~tactically~*~*~ (stealth).
 12412 | Lair:5   | 12412 ||| Stepping ~*~*~tactically~*~*~ (stealth).
 12413 | Lair:5   | 12413 ||| Stepping ~*~*~tactically~*~*~ (stealth).
 12429 | Lair:5   | Reached skill level 13 in Axes
 12434 | Lair:5   | 12434 ||| Stepping ~*~*~tactically~*~*~ (stealth).
 12461 | Lair:5   | 12461 ||| Stepping ~*~*~tactically~*~*~ (stealth).
 12462 | Lair:5   | 12462 ||| INVOKING Heroism.
 12463 | Lair:5   | 12463 ||| INVOKING Finesse.
 12465 | Lair:5   | 12465 ||| Stepping ~*~*~tactically~*~*~ (stealth).
 12493 | Lair:5   | Received a gift from Okawaru
 12600 | Lair:5   | 12600 ||| INVOKING Heroism.
 12601 | Lair:5   | 12601 ||| INVOKING Finesse.
 12634 | Lair:5   | Gained mutation: Your large and strong wings let you fly.
                  | [Gargoyle growth]
 12634 | Lair:5   | Reached XP level 14. HP: 85/88 MP: 21/21
 12640 | Lair:5   | Received a gift from Okawaru
 12641 | Lair:5   | Reached skill level 14 in Axes
 12642 | Lair:5   | 12642 ||| INVOKING Heroism.
 12803 | Lair:5   | 12803 ||| INVOKING Heroism.
 12804 | Lair:5   | 12804 ||| INVOKING Finesse.
 12810 | Lair:5   | 12810 ||| SWAPPING to +3 flail.
 12818 | Lair:5   | 12818 ||| Stepping ~*~*~tactically~*~*~ (outnumbered).
 12819 | Lair:5   | 12819 ||| Stepping ~*~*~tactically~*~*~ (outnumbered).
 12822 | Lair:5   | 12822 ||| Stepping ~*~*~tactically~*~*~ (outnumbered).
 12824 | Lair:5   | 12824 ||| SWAPPING to +3 war axe.
 12927 | Lair:5   | 12927 ||| Stepping ~*~*~tactically~*~*~ (stealth).
 12928 | Lair:5   | 12928 ||| INVOKING Heroism.
 12929 | Lair:5   | 12929 ||| INVOKING Finesse.
 13028 | Lair:5   | 13028 ||| Stepping ~*~*~tactically~*~*~ (stealth).
 13030 | Lair:5   | 13030 ||| INVOKING Heroism.
 13031 | Lair:5   | 13031 ||| Stepping ~*~*~tactically~*~*~ (stealth).
 13036 | Lair:5   | 13036 ||| INVOKING Finesse.
 13077 | Lair:5   | Identified the +3 ring mail "Valinang" {Harm rC- Int-4
                  | Stlth+} (Okawaru gifted it to you on level 5 of the Lair of
                  | Beasts)
 13077 | Lair:5   | Received a gift from Okawaru
 13200 | Lair:5   | Reached skill level 12 in Shields
 13266 | Lair:5   | 13266 ||| INVOKING Heroism.
 13291 | Lair:5   | 13291 ||| Stepping ~*~*~tactically~*~*~ (stealth).
 13292 | Lair:5   | 13292 ||| Stepping ~*~*~tactically~*~*~ (stealth).
 13294 | Lair:5   | 13294 ||| Stepping ~*~*~tactically~*~*~ (stealth).
 13295 | Lair:5   | 13295 ||| Stepping ~*~*~tactically~*~*~ (stealth).
 13362 | Lair:5   | 13362 ||| Stepping ~*~*~tactically~*~*~ (stealth).
 13468 | Lair:5   | 13468 ||| INVOKING Heroism.
 13482 | Lair:5   | Reached skill level 6 in Throwing
 13596 | Lair:5   | 13596 ||| INVOKING Heroism.
 13857 | Lair:5   | 13857 ||| PLANNING D:1-11
 13857 | Lair:5   | 13857 ||| UPGRADING to amulet of the acrobat.
 13862 | Lair:5   | 13862 ||| READING scroll labelled MOOTIEQINA.
 14004 | D:9      | 14004 ||| STAIRDANCE
 14010 | D:9      | 14010 ||| STAIRDANCE
 14021 | D:9      | 14021 ||| STAIRDANCE
 14058 | D:9      | 14058 ||| STAIRDANCE
 14064 | D:9      | 14064 ||| STAIRDANCE
 14072 | D:9      | 14072 ||| STAIRDANCE
 14083 | D:9      | 14083 ||| STAIRDANCE
 14098 | D:9      | 14098 ||| STAIRDANCE
 14107 | D:9      | 14107 ||| STAIRDANCE
 14158 | D:9      | 14158 ||| STAIRDANCE
 14173 | D:9      | 14173 ||| STAIRDANCE
 14180 | D:9      | 14180 ||| STAIRDANCE
 14197 | D:9      | 14197 ||| STAIRDANCE
 14206 | D:9      | 14206 ||| STAIRDANCE
 14278 | D:9      | 14278 ||| INVOKING Heroism.
 14314 | D:9      | 14314 ||| Stepping ~*~*~tactically~*~*~ (stealth).
 14316 | D:9      | 14316 ||| Stepping ~*~*~tactically~*~*~ (stealth).
 14551 | D:9      | 14551 ||| Stepping ~*~*~tactically~*~*~ (stealth).
 14553 | D:9      | 14553 ||| Stepping ~*~*~tactically~*~*~ (stealth).
 14556 | D:9      | 14556 ||| INVOKING Heroism.
 14576 | D:9      | 14576 ||| DROPPING +3 flail.
 14781 | D:9      | 14781 ||| UPGRADING to +0 helmet.
 14791 | D:9      | 14791 ||| DROPPING +1 hat.
 14795 | D:10     | Entered Level 10 of the Dungeon
 14800 | D:10     | 14800 ||| Stepping ~*~*~tactically~*~*~ (stealth).
 14856 | D:10     | Found a radiant altar of Vehumet.
 14885 | D:10     | 14885 ||| INVOKING Heroism.
 14934 | D:10     | 14934 ||| READING scroll of enchant weapon.
 14934 | D:10     | 14934 ||| ENCHANTING +4 war axe.
 14962 | D:10     | 14962 ||| Stepping ~*~*~tactically~*~*~ (hiding).
 14971 | D:10     | 14971 ||| INVOKING Heroism.
 14983 | D:10     | Found a flagged portal.
 15080 | D:10     | Found Emnowargh's Weapon Emporium.
 15085 | D:10     | 15085 ||| INVOKING Heroism.
 15086 | D:10     | 15086 ||| Stepping ~*~*~tactically~*~*~ (stealth).
 15087 | D:10     | 15087 ||| Stepping ~*~*~tactically~*~*~ (stealth).
 15089 | D:10     | 15089 ||| Stepping ~*~*~tactically~*~*~ (stealth).
 15170 | D:10     | Received a gift from Okawaru
 15359 | D:10     | 15359 ||| Stepping ~*~*~tactically~*~*~ (stealth).
 15361 | D:10     | 15361 ||| Stepping ~*~*~tactically~*~*~ (stealth).
 15365 | D:10     | 15365 ||| Stepping ~*~*~tactically~*~*~ (stealth).
 15391 | D:10     | 15391 ||| Stepping ~*~*~tactically~*~*~ (stealth).
 15393 | D:10     | 15393 ||| Stepping ~*~*~tactically~*~*~ (stealth).
 15397 | D:10     | Reached skill level 9 in Armour
 15400 | D:10     | 15400 ||| Stepping ~*~*~tactically~*~*~ (stealth).
 15499 | D:10     | 15499 ||| DROPPING ring of magical power.
 15500 | D:10     | 15500 ||| READING 6 scrolls of identify.
 15500 | D:10     | 15500 ||| IDENTIFYING red potion
 15501 | D:10     | 15501 ||| DROPPING potion of berserk rage.
 15531 | D:11     | Found a staircase to the Orcish Mines.
 15532 | D:11     | 15532 ||| INVOKING Heroism.
 15532 | D:11     | Noticed Lodul
 15566 | D:11     | Reached skill level 15 in Axes
 15569 | D:11     | Reached XP level 15. HP: 91/94 MP: 22/22
 15672 | D:11     | Noticed Harold
 15673 | D:11     | 15673 ||| Stepping ~*~*~tactically~*~*~ (hiding).
 15687 | D:11     | Killed Harold
 15783 | D:11     | Identified the +4 war axe of Qitwoeg {venom, rN+ rCorr
                  | Str+4}
 15785 | D:11     | 15785 ||| SWAPPING to +4 war axe of Qitwoeg {venom, rN+
                  | rCorr Str+4}.
 15786 | D:11     | 15786 ||| DROPPING +5 war axe.
 15860 | D:11     | 15860 ||| INVOKING Heroism.
 15885 | D:11     | 15885 ||| Stepping ~*~*~tactically~*~*~ (stealth).
 15886 | D:11     | 15886 ||| Stepping ~*~*~tactically~*~*~ (stealth).
 15888 | D:11     | 15888 ||| Stepping ~*~*~tactically~*~*~ (stealth).
 15890 | D:11     | 15890 ||| Stepping ~*~*~tactically~*~*~ (stealth).
 15892 | D:11     | 15892 ||| Stepping ~*~*~tactically~*~*~ (stealth).
 15898 | D:11     | 15898 ||| Stepping ~*~*~tactically~*~*~ (stealth).
 15910 | D:11     | Killed Lodul
 15910 | D:11     | Received a gift from Okawaru
 15938 | D:11     | 15938 ||| Stepping ~*~*~tactically~*~*~ (stealth).
 15939 | D:11     | 15939 ||| Stepping ~*~*~tactically~*~*~ (stealth).
 15940 | D:11     | 15940 ||| Stepping ~*~*~tactically~*~*~ (stealth).
 16227 | D:11     | 16227 ||| PLANNING D
 16227 | D:11     | 16227 ||| DROPPING +1 hat.
 16228 | D:11     | 16228 ||| UPGRADING to amulet of regeneration.
 16238 | D:11     | 16238 ||| DROPPING amulet of the acrobat.
 16259 | D:12     | Noticed Sonja
 16260 | D:12     | 16260 ||| INVOKING Finesse.
 16263 | D:12     | 16263 ||| Stepping ~*~*~tactically~*~*~ (stealth).
 16269 | D:12     | Killed Sonja
 16270 | D:12     | Reached skill level 12 in Fighting
 16274 | D:12     | 16274 ||| Stepping ~*~*~tactically~*~*~ (stealth).
 16278 | D:12     | 16278 ||| Stepping ~*~*~tactically~*~*~ (stealth).
 16296 | D:12     | Identified the -1 barding of Temuw {MP+9}
 16340 | D:12     | 16340 ||| Stepping ~*~*~tactically~*~*~ (stealth).
 16341 | D:12     | 16341 ||| Stepping ~*~*~tactically~*~*~ (stealth).
 16343 | D:12     | 16343 ||| Stepping ~*~*~tactically~*~*~ (hiding).
 16434 | D:12     | You are sucked into a shaft and drop 1 floor!
 16770 | D:12     | Found a runed translucent door.
 16771 | D:12     | Noticed Xeikkuus's ghost (journeyman MiFi)
 16880 | D:12     | 16880 ||| READING scroll labelled QAWISHRI ONEYCW.
 17064 | D:13     | 17064 ||| Stepping ~*~*~tactically~*~*~ (hiding).
 17074 | D:13     | Reached skill level 6 in Dodging
 17303 | D:13     | 17303 ||| Stepping ~*~*~tactically~*~*~ (hiding).
 17406 | D:13     | 17406 ||| Stepping ~*~*~tactically~*~*~ (hiding).
 17418 | D:13     | 17418 ||| INVOKING Heroism.
 17422 | D:13     | 17422 ||| Stepping ~*~*~tactically~*~*~ (hiding).
 17478 | D:13     | 17478 ||| READING scroll labelled MORETA OPT.
 17577 | D:14     | 17577 ||| Stepping ~*~*~tactically~*~*~ (stealth).
 17721 | D:14     | 17721 ||| Stepping ~*~*~tactically~*~*~ (hiding).
 17727 | D:14     | 17727 ||| Stepping ~*~*~tactically~*~*~ (stealth).
 17731 | D:14     | 17731 ||| INVOKING Heroism.
 17737 | D:14     | 17737 ||| Stepping ~*~*~tactically~*~*~ (stealth).
 17738 | D:14     | 17738 ||| Stepping ~*~*~tactically~*~*~ (stealth).
 17751 | D:14     | Identified the +2 scale mail of Gimur {rC+ rN++} (Okawaru
                  | gifted it to you on level 14 of the Dungeon)
 17751 | D:14     | Received a gift from Okawaru
 17971 | D:14     | Reached skill level 16 in Axes
 18167 | D:14     | 18167 ||| INVOKING Heroism.
 18188 | D:14     | 18188 ||| INVOKING Heroism.
 18231 | D:14     | Found a gate to the Vaults.
 18364 | D:14     | Found an ornate altar of the Wu Jian Council.
 18380 | D:14     | 18380 ||| DROPPING +0 war axe of Lapy {pain, Dex+3 SInv}.
 18381 | D:14     | 18381 ||| UPGRADING to +2 kite shield.
 18391 | D:14     | 18391 ||| DROPPING +0 kite shield.
 18451 | D:15     | Entered Level 15 of the Dungeon
 18483 | D:15     | Found an iron altar of Okawaru.
 18485 | D:15     | 18485 ||| Stepping ~*~*~tactically~*~*~ (stealth).
 18486 | D:15     | 18486 ||| Stepping ~*~*~tactically~*~*~ (stealth).
 18556 | D:15     | 18556 ||| INVOKING Heroism.
 18557 | D:15     | 18557 ||| INVOKING Finesse.
 18559 | D:15     | 18559 ||| SWAPPING to +3 morningstar.
 18569 | D:15     | 18569 ||| SWAPPING to +4 war axe of Qitwoeg {venom, rN+
                  | rCorr Str+4}.
 18690 | D:15     | 18690 ||| INVOKING Heroism.
 18735 | D:15     | 18735 ||| Stepping ~*~*~tactically~*~*~ (hiding).
 18736 | D:15     | 18736 ||| INVOKING Heroism.
 18746 | D:15     | HP: 19/96 [basilisk (13)]
 18747 | D:15     | 18747 ||| READING 8 scrolls of teleportation.
 18748 | D:15     | 18748 ||| DRINKING 5 potions of heal wounds.
 18805 | D:15     | 18805 ||| Stepping ~*~*~tactically~*~*~ (hiding).
 18809 | D:15     | 18809 ||| INVOKING Heroism.
 18819 | D:15     | 18819 ||| Stepping ~*~*~tactically~*~*~ (hiding).
 18874 | D:15     | Noticed Kirke
 18875 | D:15     | 18875 ||| INVOKING Heroism.
 18876 | D:15     | 18876 ||| INVOKING Finesse.
 18885 | D:15     | Killed Kirke
 18953 | D:15     | Identified the +4 scale mail of Virtue {Drain rC+ Slay+6}
 18990 | D:15     | Noticed Josephine
 18991 | D:15     | 18991 ||| INVOKING Heroism.
 19006 | D:15     | Killed Josephine
 19013 | D:15     | Reached XP level 16. HP: 103/103 MP: 23/23
 19050 | D:15     | Found a staircase to the Depths.
 19051 | D:15     | 19051 ||| FLEEEEING.
 19052 | D:15     | 19052 ||| FLEEEEING.
 19053 | D:15     | 19053 ||| FLEEEEING.
 19054 | D:15     | 19054 ||| FLEEEEING.
 19055 | D:15     | 19055 ||| FLEEEEING.
 19056 | D:15     | 19056 ||| FLEEEEING.
 19057 | D:15     | 19057 ||| FLEEEEING.
 19058 | D:15     | 19058 ||| FLEEEEING.
 19059 | D:15     | 19059 ||| FLEEEEING.
 19061 | D:15     | 19061 ||| FLEEEEING.
 19062 | D:15     | 19062 ||| FLEEEEING.
 19063 | D:15     | 19063 ||| FLEEEEING.
 19064 | D:15     | 19064 ||| FLEEEEING.
 19065 | D:15     | 19065 ||| FLEEEEING.
 19066 | D:15     | 19066 ||| FLEEEEING.
 19067 | D:15     | 19067 ||| FLEEEEING.
 19068 | D:15     | 19068 ||| FLEEEEING.
 19069 | D:15     | 19069 ||| FLEEEEING.
 19070 | D:15     | 19070 ||| FLEEEEING.
 19071 | D:15     | 19071 ||| FLEEEEING.
 19072 | D:15     | 19072 ||| FLEEEEING.
 19085 | D:15     | 19085 ||| FLEEEEING.
 19086 | D:15     | 19086 ||| FLEEEEING.
 19087 | D:15     | 19087 ||| FLEEEEING.
 19091 | D:15     | 19091 ||| INVOKING Heroism.
 19154 | D:15     | 19154 ||| Stepping ~*~*~tactically~*~*~ (hiding).
 19155 | D:15     | 19155 ||| Stepping ~*~*~tactically~*~*~ (hiding).
 19358 | D:15     | 19358 ||| PLANNING ORC
 19358 | D:15     | 19358 ||| DROPPING +0 plate armour.
 19359 | D:15     | 19359 ||| DROPPING +2 scale mail of Gimur {rC+ rN++}.
 19476 | Orc:1    | Entered Level 1 of the Orcish Mines
 19477 | Orc:1    | 19477 ||| Stepping ~*~*~tactically~*~*~ (hiding).
 19484 | Orc:1    | 19484 ||| INVOKING Heroism.
 19542 | Orc:1    | 19542 ||| Stepping ~*~*~tactically~*~*~ (hiding).
 19550 | Orc:1    | 19550 ||| Stepping ~*~*~tactically~*~*~ (stealth).
 19552 | Orc:1    | 19552 ||| Stepping ~*~*~tactically~*~*~ (stealth).
 19555 | Orc:1    | 19555 ||| INVOKING Heroism.
 19556 | Orc:1    | 19556 ||| INVOKING Finesse.
 19565 | Orc:1    | 19565 ||| Stepping ~*~*~tactically~*~*~ (hiding).
 19566 | Orc:1    | 19566 ||| Stepping ~*~*~tactically~*~*~ (hiding).
 19567 | Orc:1    | 19567 ||| Stepping ~*~*~tactically~*~*~ (hiding).
 19571 | Orc:1    | 19571 ||| Stepping ~*~*~tactically~*~*~ (hiding).
 19617 | Orc:1    | 19617 ||| Stepping ~*~*~tactically~*~*~ (hiding).
 19618 | Orc:1    | 19618 ||| Stepping ~*~*~tactically~*~*~ (hiding).
 19620 | Orc:1    | 19620 ||| INVOKING Heroism.
 19663 | Orc:1    | Found Iruog's Book Boutique.
 19669 | Orc:1    | 19669 ||| INVOKING Heroism.
 19680 | Orc:1    | Received a gift from Okawaru
 19700 | Orc:1    | You are sucked into a shaft and drop 1 floor!
 19700 | Orc:2    | Entered Level 2 of the Orcish Mines
 19717 | Orc:2    | Noticed Jorgrun
 19718 | Orc:2    | 19718 ||| INVOKING Finesse.
 19726 | Orc:2    | Killed Jorgrun
 19795 | Orc:2    | 19795 ||| INVOKING Heroism.
 19828 | Orc:2    | 19828 ||| Stepping ~*~*~tactically~*~*~ (stealth).
 19829 | Orc:2    | 19829 ||| Stepping ~*~*~tactically~*~*~ (stealth).
 19871 | Orc:2    | Noticed Rupert
 19872 | Orc:2    | 19872 ||| INVOKING Heroism.
 19873 | Orc:2    | 19873 ||| INVOKING Finesse.
 19899 | Orc:2    | Killed Rupert
 19899 | Orc:2    | Received a gift from Okawaru
 20038 | Orc:2    | 20038 ||| Stepping ~*~*~tactically~*~*~ (stealth).
 20039 | Orc:2    | 20039 ||| Stepping ~*~*~tactically~*~*~ (stealth).
 20044 | Orc:2    | 20044 ||| Stepping ~*~*~tactically~*~*~ (hiding).
 20049 | Orc:2    | 20049 ||| INVOKING Heroism.
 20081 | Orc:2    | HP: 9/104 [orc warrior/+4 glaive (30)]
 20082 | Orc:2    | 20082 ||| READING 7 scrolls of teleportation.
 20082 | Orc:2    | Demolished by an orc warrior

Levels and vault maps discovered:
D:1:      lightli_arrival_windingriver, layout_basic, grunt_decor_junction,
          dreamdust_princess_corridor, hangedman_decor_points
D:2:      layout_loops_ring, basic_altar
D:3:      wander_river, layout_basic, serial_shops, shop, minmay_cupped
D:4:      layout_cave_pools, nicolae_gozag_seed_capital,
          mainiacjoe_overflow_24_doors
D:5:      layout_rooms, gup_sewer_entry_bubbles, minivault_14
D:6:      layout_basic
D:7:      layout_cave_pools, mainiacjoe_overflow_concentric_impassable,
          kennysheep_mini, minmay_temple_entry_statues_pillars,
          kennysheep_doodads, uniq_menkaure
D:8:      layout_cave_pools, lair_entry_dummy, uniq_pikel
D:9:      layout_loops_ring
D:10:     layout_roguey, mainiacjoe_overflow_alcove_2, serial_shops,
          shop_fountains, enter_bailey_3
D:11:     layout_gridville, david_orc_2, uniq_lodul, uniq_harold
D:12:     layout_cave_pools, gammafunk_ghost_grave, uniq_sonja
D:13:     layout_roguey, portal_ice_cave_entry_imps, st_stairs_13
D:14:     layout_basic, grunt_vaults_entry_fortified, minivault_14,
          nicolae_wu_jian_glorious_leap
D:15:     grunt_enter_depths_snipers, layout_basic, minivault_20,
          okawaru_ov_weapons_minmay, uniq_josephine, uniq_kirke
Lair:1:   lemuel_reptile_caves, layout_big_grid
Lair:2:   layout_hall_layers, minmay_shoals_entry_beasts, serial_bayou_pond_d,
          nicolae_lair_lil_pond, grunt_megastairs_3
Lair:3:   minmay_lair_oklob_tunnel, layout_hall_layers,
          guppyfry_snake_entry_garden, serial_bayou_pond_e, grunt_megastairs_2
Lair:4:   layout_layer_cave, slime_entry_1, beast_lair_carwin_5
Lair:5:   hangedman_lair_tendril_chambers, layout_regular_city
Orc:1:    layout_caves, serial_shops, nicolae_shop_window_shopping,
          kennysheep_orc_sif_temple
Orc:2:    grunt_orc_tribal_feast, layout_diamond_mine, basic_altar,
          serial_shops, nicolae_shop_hallway_stairs, uniq_jorgrun, uniq_rupert,
          uniq_azrael

Skill      XL: |  1  2  3  4  5  6  7  8  9 10 11 12 13 14 15 16 |
---------------+-------------------------------------------------+-----
Axes           | 2 3 5 7 8 9 10 11 12 13 15 16 | 16.0
Throwing       | 1 3 5 6 |  6.3
Dodging        | 1 2 3 4 5 6 7 |  7.0
Fighting       | 4 6 7 8 9 10 11 12 13 | 13.1
Armour         | 4 6 7 8 9 10 | 10.1
Shields        | 4 9 10 11 12 13 | 13.5
Invocations    | 4 7 10 | 10.0

Action                   |  1- 3 |  4- 6 |  7- 9 | 10-12 | 13-15 | 16-18 || total
-------------------------+-------+-------+-------+-------+-------+-------++-------
Melee: War axe           |    61 |    95 |   385 |   693 |  1118 |   185 ||  2537
       Flail             |       |       |       |    23 |     8 |       ||    31
       Morningstar       |       |       |       |       |     7 |       ||     7
Throw: Javelin           |    12 |    12 |       |     6 |    82 |       ||   112
       Boomerang         |       |    15 |    92 |    67 |   101 |    44 ||   319
Invok: Heroism           |       |       |       |    35 |    36 |     8 ||    79
       Finesse           |       |       |       |     7 |    13 |     3 ||    23
  Use: Scroll            |     3 |     3 |     8 |     7 |     8 |     1 ||    30
       Potion            |       |     3 |     1 |     1 |     1 |       ||     6
 Stab: Distracted        |       |       |       |       |     1 |       ||     1
Armor: Scale mail        |    18 |       |       |       |       |       ||    18
       Chain mail        |    11 |    68 |   154 |       |       |       ||   233
       Plate armour      |       |       |    45 |   290 |       |       ||   335
       Fire dragon scale |       |       |       |       |   368 |    38 ||   406
Dodge: Dodged            |    28 |    31 |   118 |   181 |   333 |    52 ||   743
Block: Buckler           |    10 |    31 |    94 |     4 |       |       ||   139
       Kite shield       |       |       |       |   435 |   633 |   117 ||  1185

Table legend:
 A = Non-vault XP
 B = Vault XP
 C = Vault XP percentage of total XP
 D = Non-vault monster count
 E = Vault monster count
 F = Vault count percentage of total count
                 A         B        C        D         E       F
            +---------+---------+-------+---------+---------+-------
      Total |  100083 |   45258 |  31.1 |     456 |     197 |  30.2
            +---------+---------+-------+---------+---------+-------
        D:1 |      34 |       0 |   0.0 |      16 |       0 |   0.0
        D:2 |     125 |       0 |   0.0 |      15 |       0 |   0.0
        D:3 |     206 |      19 |   8.4 |      13 |       3 |  18.8
        D:4 |     265 |       0 |   0.0 |      18 |       0 |   0.0
        D:5 |     504 |      13 |   2.5 |      16 |       6 |  27.3
        D:6 |    1177 |       0 |   0.0 |      32 |       0 |   0.0
        D:7 |     983 |     172 |  14.9 |      13 |       1 |   7.1
        D:8 |    2778 |     607 |  17.9 |      32 |       1 |   3.0
        D:9 |    2339 |       0 |   0.0 |      27 |       0 |   0.0
       D:10 |    4013 |       7 |   0.2 |      29 |       4 |  12.1
       D:11 |    5164 |    2419 |  31.9 |      13 |      16 |  55.2
       D:12 |    1348 |     772 |  36.4 |       6 |       1 |  14.3
       D:13 |    7863 |     962 |  10.9 |      14 |      13 |  48.1
       D:14 |    8581 |    5733 |  40.1 |      17 |      10 |  37.0
       D:15 |    8278 |    7492 |  47.5 |      15 |      14 |  48.3
     Lair:1 |    3822 |    2839 |  42.6 |      17 |      29 |  63.0
     Lair:2 |    5055 |    1286 |  20.3 |      30 |       5 |  14.3
     Lair:3 |   10725 |    4044 |  27.4 |      28 |      10 |  26.3
     Lair:4 |    2455 |    1642 |  40.1 |       9 |       5 |  35.7
     Lair:5 |   29006 |    9534 |  24.7 |      61 |      33 |  35.1
      Orc:1 |    4288 |       0 |   0.0 |      30 |       0 |   0.0
      Orc:2 |    1074 |    7240 |  87.1 |       5 |      22 |  81.5
      Sewer |       0 |     477 | 100.0 |       0 |      24 | 100.0
            +---------+---------+-------+---------+---------+-------
